 Dungeon Crawl Stone Soup version 0.31.0 (webtiles) character file.

Game seed: 15997701274825089232

108 Esekla the Sneak (level 4, 12/31 HPs)
             Began as an Octopode Delver on Jan 19, 2024.
             Quit the game in the Ecumenical Temple.
             The game lasted 00:01:59 (151 turns).

Esekla the Sneak (Octopode Delver)                   Turns: 151, Time: 00:01:59

Health: 12/31      AC:  1    Str: 11    XL:     4   Next: 87%
Magic:  4/5        EV: 13    Int: 14    God:
Gold:   37         SH:  0    Dex: 13    Spells: 5/5 levels left

rFire   . . .        a - +0 falchion
rCold   . . .        (no shield)
rNeg    . . .        (helmet restricted)
rPois   .            (no amulet)
rElec   .            (no ring)
rCorr   .            (no ring)
SInv    .            (no ring)
Will    .....        (no ring)
Stlth   +++++        (no ring)
HPRegen 0.25/turn    (no ring)
MPRegen 0.09/turn    (no ring)
                     (no ring)

%: no passive effects
@: no status effects
A: almost no armour, amphibious, 8 rings, camouflage 1, gelatinous body 1,
(nimble swimmer 1), tentacles
a: no special abilities


You were in the Ecumenical Temple.
You visited 2 branches of the dungeon, and saw 3 of its levels.

You collected 37 gold pieces.

Inventory:

Hand Weapons
 a - a +0 falchion (weapon)
Wands
 f - a wand of digging (3)
 g - a wand of roots (5)
Scrolls
 b - a scroll of fog
 c - a scroll of torment {unknown}
 d - a scroll of enchant weapon {unknown}
 h - a scroll of teleportation {unknown}
Potions
 i - a potion of mutation {unknown}


   Skills:
 * Level 3.5 Fighting
 * Level 2.4 Long Blades
 * Level 2.6 Dodging
 + Level 7.8 Stealth
 * Level 1.1 Spellcasting


You had 5 spell levels left.
You didn't know any spells.
Your spell library contained the following spells:

 Spells                   Type           Power      Damage    Failure   Level
 Passage of Golubria      Tloc           0%         N/A       95%         4
 Silence                  Hex/Air        0%         N/A       100%        5
 Lehudib's Crystal Spear  Conj/Erth      0%         10d2      100%        8


Dungeon Overview and Level Annotations

Branches:
Dungeon (6/15)             Temple (1/1) D:6

Altars:
Fedhas
Hepliaklqana
Kikubaaqudgha
Okawaru
Qazlal
Trog
Uskayaw
Xom
Zin
The Shining One

Annotations:
D:6 Edmund


Innate Abilities, Weirdness & Mutations

You cannot wear most types of armour.
You are amphibious.
You can wear up to eight rings at the same time.
Your skin changes colour to match your surroundings (Stealth+).
Your rubbery body absorbs attacks. (AC +1, EV +1)
((You are camouflaged when in or above water. (Stealth+)))
You have tentacles for arms and can constrict up to eight enemies at once.


Message History

A scorpion and an orc come into view.
The orc shouts!
The ufetubus slips past you! The ufetubus hits you. The ufetubus misses you.
Found a leather armour.
The ufetubus hits you. x2
Found a stone staircase leading up.
Edmund the Younger comes into view.
He is wielding a +1 flail of venom and carrying a wand of flame.
Found a masterwork ring mail.
Your extra speed is starting to run out.
The ufetubus shouts!
You hear an angry hiss.
An adder comes into view.
The ufetubus attacks as it pursues you! The ufetubus misses you.
The ufetubus closely misses you.
A scorpion comes into view.
You open the door.
You feel yourself slow down. The ufetubus hits you.
The ufetubus barely misses you.
Found a staircase to the Ecumenical Temple.
There is an open door here.
The ufetubus attacks as it pursues you! The ufetubus hits you.
The ufetubus closely misses you.
There is a staircase to the Ecumenical Temple here.
The ufetubus hits you. x2; The ufetubus slips past you!
The ufetubus hits you. The ufetubus closely misses you.
You climb downwards.
Welcome to the Ecumenical Temple!
Found four altars.
Found a staircase back to the Dungeon.
There is a staircase back to the Dungeon here.
You barely miss the ufetubus. You grab the ufetubus.
You constrict the ufetubus. The ufetubus barely misses you. x2
The ufetubus closely misses you. The ufetubus hits you.
You hit the ufetubus.
The ufetubus is heavily wounded.
You constrict the ufetubus. The ufetubus barely misses you.
The ufetubus hits you.
You hit the ufetubus. You squeeze the ufetubus.
You kill the ufetubus!
Found a hide-covered altar of Uskayaw.
Found a glowing silver altar of Zin and a bloodstained altar of Trog.
Found a stormy altar of Qazlal and a shimmering altar of Xom.
Found a blossoming altar of Fedhas.
Are you sure you want to abandon this character and quit the game? (Confirm with "yes".)

###.....###
##§§§§§§§§§##
####§.§§§§§§§§§###
#§§§§§.§#####§§§§##
#§§§§§.##_._##§§§.##
#§§§§§##.....##§§..##
#######_....._##§...##
#⌠.⌠.⌠.........##....##
#.<......@_...._#.....#
#⌠.⌠.⌠.........##....##
#######_....._##§...##
#§§§§§##.....##§§..##
#§§§§§§##_._##§§§.##
#§§§§§§§#####§§§§##
####§~§§§§§§§§§###
##§§§§§§§§.##
###.....###


There were no monsters in sight!

Vanquished Creatures
  A water moccasin (D:6)
  An ufetubus (Temple)
2 creatures vanquished.

Notes
Turn   | Place    | Note
-------+----------+-------------------------------------------
     0 | D:5      | Esekla the Octopode Delver began the quest for the Orb.
     0 | D:5      | Reached XP level 1. HP: 16/16 MP: 1/1
    54 | D:5      | Noticed a scorpion
    63 | D:6      | Noticed a water moccasin
   100 | D:6      | Killed a water moccasin
   101 | D:6      | Reached skill level 7 in Stealth
   101 | D:6      | Reached skill level 1 in Spellcasting
   101 | D:6      | Reached XP level 2. HP: 19/21 MP: 1/3
   101 | D:6      | Reached XP level 3. HP: 23/26 MP: 1/4
   101 | D:6      | Reached XP level 4. HP: 28/31 MP: 1/5
   121 | D:6      | Noticed a scorpion
   125 | D:6      | Noticed Edmund
   128 | D:6      | Noticed a scorpion
   134 | D:6      | Found a staircase to the Ecumenical Temple.
   140 | Temple   | Entered the Ecumenical Temple
   151 | Temple   | Quit the game

Illustrated notes

Levels and vault maps discovered:
D:5:      layout_loops_ring, mainiacjoe_sewer_entry_somewhere_in_here_1,
          nicolae_tricolors
D:6:      layout_layer_cave, minmay_temple_entry_enclosed_plants, uniq_edmund,
          uniq_pikel
Temple:   hellmonk_temple_rainy

Skill      XL: |  1 |
---------------+----+-----
Stealth        | 7 |  7.8
Spellcasting   | 1 |  1.1
Fighting       | |  3.5
Long Blades    | |  2.4
Dodging        | |  2.6

Action                     |  1- 3 |  4- 6 || total
---------------------------+-------+-------++-------
  Melee: Falchion          |     8 |     3 ||    11
         Tentacles         |     3 |     1 ||     4
         Constrict         |     1 |     1 ||     2
    Use: Scroll            |     3 |       ||     3
         Potion            |     1 |       ||     1
 Armour: Skin              |     2 |    10 ||    12
  Dodge: Dodged            |     8 |    10 ||    18
